 Dungeon Crawl Stone Soup version 0.30-a0-394-g3e4acdb0ae (webtiles) character file.

Game seed: 7366165174587540712

46 funkygono the Firebug (level 3, 0/24 HPs)
             Began as a Demonspawn Fire Elementalist on Dec 6, 2022.
             Succumbed to an adder's poison
             ... on level 2 of the Dungeon.
             The game lasted 00:01:27 (1128 turns).

funkygono the Firebug (DsFE)                        Turns: 1128, Time: 00:01:27

Health: 0/24       AC:  2    Str:  8    XL:     3   Next: 44%
Magic:  0/7        EV: 12    Int: 18    God:
Gold:   112        SH:  0    Dex: 13    Spells: 4/7 levels left

rFire   . . .      SeeInvis .    d - +0 club
rCold   . . .      Faith    .    (no shield)
rNeg    . . .      Spirit   .    a - +0 robe
rPois   .          Reflect  .    (no helmet)
rElec   .          Harm     .    (no cloak)
rCorr   .          Rampage  .    (no gloves)
Will    .....                    (no boots)
Stlth   ++........               (no amulet)
HPRegen 0.24/turn                (no ring)
MPRegen 0.10/turn                (no ring)

@: lethally poisoned (0 -> -5), invisible
A: claws 1, weakness stinger 1
a: no special abilities


You were on level 2 of the Dungeon.
You visited 1 branch of the dungeon, and saw 2 of its levels.

You collected 112 gold pieces.

Inventory:

Hand Weapons
 d - a +0 club (weapon)
Armour
 a - a +0 robe (worn)
Scrolls
 c - a scroll of poison {unknown}
 e - 2 scrolls of teleportation {unknown}
 f - a scroll of fear {unknown}
 h - a scroll of noise {unknown}
Potions
 b - a potion of magic
 g - a potion of invisibility
 i - a potion of curing {unknown}


   Skills:
 + Level 1.9 Dodging
 - Level 1.7 Stealth
 + Level 2.9 Spellcasting
 + Level 1.3 Conjurations
 + Level 3.3 Fire Magic


You had 4 spell levels left.
You knew the following spells:

 Your Spells              Type           Power      Damage    Failure   Level
a - Foxfire               Conj/Fire      40%        2x1d6     6%          1
b - Scorch                Fire           28%        2d6       6%          2

Your spell library contained the following spells:

 Spells                   Type           Power      Damage    Failure   Level
 Inner Flame              Hex/Fire       8%         N/A       26%         3
 Kindle Blastsparks       Fire/Tloc/Air  12%        2d11      30%         3
 Portal Projectile        Hex/Tloc       4%         N/A       45%         3
 Tukima's Dance           Hex            2%         N/A       45%         3
 Flame Wave               Conj/Fire      10%        2d6       54%         4
 Blade Hands              Tmut           1%         N/A       99%         5


Dungeon Overview and Level Annotations

Branches:
Dungeon (2/15)

Altars:


Innate Abilities, Weirdness & Mutations

You have sharp fingernails.
You have a small tail.


Message History

Confirm with . or Enter, or press ? or * to list all spells.
You conjure some foxfire!
The foxfire hits the frilled lizard.
You kill the frilled lizard!
An adder comes into view.
The foxfire hits the adder.
The adder is lightly wounded.
The foxfire hits the adder.
The adder is heavily wounded.
The foxfire hits the adder.
The adder is severely wounded.
You barely miss the adder.
The adder is severely wounded.
The adder closely misses you. The adder barely misses you.
You hit the adder but do no damage.
The adder is severely wounded.
The adder bites you. x2
You are poisoned.
The adder poisons you!
You barely miss the adder.
The adder is severely wounded.
You feel sick. The adder bites you.
* * * LOW HITPOINT WARNING * * *
Casting: Foxfire (safe; 7% risk of failure)
Confirm with . or Enter, or press ? or * to list all spells.
You conjure some foxfire!
You feel sick. The adder misses you. The adder bites you.
* * * LOW HITPOINT WARNING * * *
You are lethally poisoned!
The adder poisons you!
You hit the adder but do no damage.
The adder is heavily wounded.
* * * LOW HITPOINT WARNING * * *
You feel very sick.
The foxfire hits the adder.
You kill the adder!
Unknown command.
There is a lethal amount of poison in your body!
It was a potion of invisibility.
You fade into invisibility!
You die...

..#.......:....
..............?
........v......
........§......
........§......
........§......
#.....§......
#..†@§......
#..###.##### ##
.. ##


There were no monsters in sight!

Vanquished Creatures
  2 adders (D:2)
  A dart slug (D:1)
  3 ball pythons (D:1)
  2 endoplasms (D:1)
  A giant cockroach (D:1)
  A goblin (D:1)
  5 hobgoblins (D:1)
  2 kobolds (D:1)
  A quokka (D:1)
  4 bats
  2 frilled lizards
24 creatures vanquished.

Vanquished Creatures (others)
  70 foxfires
70 creatures vanquished.

Grand Total: 94 creatures vanquished

Notes
Turn   | Place    | Note
-------+----------+-------------------------------------------
     0 | D:1      | funkygono the Demonspawn Fire Elementalist began the quest
                  | for the Orb.
     0 | D:1      | Reached XP level 1. HP: 13/13 MP: 3/3
   168 | D:1      | Found a faded altar of an unknown god.
   312 | D:1      | Reached skill level 3 in Fire Magic
   356 | D:1      | Discovered your monstrous ancestry.
   356 | D:1      | Gained mutation: You have sharp fingernails. [demonic
                  | ancestry]
   356 | D:1      | Reached XP level 2. HP: 19/19 MP: 3/5
   359 | D:1      | Learned a level 2 spell: Scorch
  1119 | D:2      | Gained mutation: You have a small tail. [demonic ancestry]
  1119 | D:2      | Reached XP level 3. HP: 15/24 MP: 2/7
  1127 | D:2      | HP: 1/24 [poisoned by an adder]
  1128 | D:2      | Succumbed to an adder's poison

Illustrated notes

Levels and vault maps discovered:
D:1:      minmay_arrival_arboretum_small, layout_basic,
          ebering_ecumenical_altar_mist
D:2:      layout_rooms, eino_tiny_chamber, st_stairs_2, minmay_crystal_room

Skill      XL: |  1 |
---------------+----+-----
Fire Magic     | 3 |  3.3
Dodging        | |  1.9
Stealth        | |  1.7
Spellcasting   | |  2.9
Conjurations   | |  1.3

Action                   || total
-------------------------++-------
Melee: Club              ||     6
 Cast: Foxfire           ||    40
       Scorch            ||     1
  Use: Potion            ||     1
Armor: Robe              ||     2
Dodge: Dodged            ||    12

Table legend: (Time is in decaauts)
 A = Elapsed time spent in this place.
 B = Non-inter-level travel time spent in this place.
 C = Inter-level travel time spent in this place.
 D = Time resting spent in this place.
 E = Time spent auto-exploring this place.
 F = Levels seen in this place.
 G = Mean time per level.
                   A        B        C        D        E       F      G
               +--------+--------+--------+--------+--------+-----+--------+
         Total |   1130 |   1114 |     16 |      0 |    961 |   2 |  565.0 |
       Dungeon |   1130 |   1114 |     16 |      0 |    961 |   2 |  565.0 |
               +--------+--------+--------+--------+--------+-----+--------+

Top non-repeatable levels by time:
     D:1: 1109 daAuts
     D:2: 20 daAuts
